 Dungeon Crawl Stone Soup version 0.19-a0-1720-gc855d72 (webtiles) character file.

99 junb69 the Skirmisher (level 4, 0/35 HPs)
             Began as a Demonspawn Wanderer on Sept 29, 2016.
             Succumbed to an adder's poison
             ... on level 2 of the Dungeon.
             The game lasted 00:09:09 (3525 turns).

junb69 the Skirmisher (Demonspawn Wanderer)         Turns: 3525, Time: 00:09:10

Health: 0/35       AC:  4    Str: 13    XL:     4   Next: 45%
Magic:  2/7        EV: 11    Int: 14    God:
Gold:   81         SH:  6    Dex: 12    Spells: 3 memorised, 0 levels left

rFire  + . .     SeeInvis .     f - +0 dagger
rCold  + . .     Gourm    .     d - +0 robe
rNeg   + . .     Faith    .     (no shield)
rPois  +         Spirit   .     m - +0 helmet
rElec  +         Dismiss  .     (no cloak)
rCorr  +         Reflect  .     (no gloves)
MR     .....     Harm     .     (no boots)
Stlth  ++........               (no amulet)
                                (no ring)
                                p - ring of positive energy

@: lethally poisoned (0 -> -1), exhausted, resistant, slowed, very slow
A: large bone plates 2, powered by pain 1
a: no special abilities


You were on level 2 of the Dungeon.
You were near starving.

You visited 1 branch of the dungeon, and saw 3 of its levels.

You collected 81 gold pieces.

Inventory:

Hand Weapons
 f - a +0 dagger (weapon)
 l - a +4 dagger
Armour
 d - a +0 robe (worn)
 m - a +0 helmet (worn)
Jewellery
 p - a ring of positive energy (left hand)
Scrolls
 c - 2 scrolls of teleportation
 e - a scroll of fear {unknown}
 h - 2 scrolls of identify {unknown}
 n - a scroll of amnesia {unknown}
 o - a scroll of enchant weapon {unknown}
 r - 4 scrolls of blinking {unknown}
Books
 a - a book of Minor Magic

   Spells                             Type                      Level
   a - Magic Dart                     Conjuration                  1
   b - Blink                          Translocation                2
   c - Call Imp                       Summoning                    2
   d - Repel Missiles                 Charms/Air                   2
   e - Slow                           Hexes                        2
   f - Conjure Flame                  Conjuration/Fire             3
   g - Mephitic Cloud                 Conjuration/Poison/Air       3
Comestibles
 g - 3 bread rations
 i - 4 fruits
 j - a beef jerky


   Skills:
 - Level 3.2 Fighting
 - Level 2.6 Stealth
 - Level 1.0 Unarmed Combat
 * Level 2.2 Spellcasting
 * Level 2.4 Conjurations
 - Level 2.0 Poison Magic
   Level 1.0 Evocations


You couldn't memorise any spells.
You knew the following spells:

 Your Spells              Type           Power        Failure   Level  Hunger
a - Magic Dart            Conj           #...         12%         1    #......
b - Mephitic Cloud        Conj/Pois/Air  #.......     38%         3    ###....
c - Conjure Flame         Conj/Fire      #.......     47%         3    ###....


Dungeon Overview and Level Annotations

Branches:
Dungeon (3/15)

Altars:


Innate Abilities, Weirdness & Mutations

You are mostly covered in large bone plates. (SH +6)
You sometimes gain a little power by taking damage.


Message History

You are near starving!
* * * LOW HITPOINT WARNING * * *
You feel sick.
Your magical contamination has completely faded away.
You can move again.
Okay, then.
There is a lethal amount of poison in your body!
* * * LOW HITPOINT WARNING * * *
You feel sick.
* * * LOW HITPOINT WARNING * * *
You feel sick.
* * * LOW HITPOINT WARNING * * *
You feel sick.
It was a potion of resistance.
You feel protected.
There is a lethal amount of poison in your body!
There is a lethal amount of poison in your body!
* * * LOW HITPOINT WARNING * * *
You feel sick.
You die...

.######...###.#####.#.####......#
.# #....#..........# #.......# .#
#....#..####....# #...#####
.######...............# #...#
.....##...#...........###...#
.....##...#........#......###
.....##...##.......#......#
.....#######.......#......#
####............@..#......# #
#...............#......#
####.........>#######.#####
............†##........#
####........###........####
..########### #...........#
..####....# ######........#
).'.......# #.............#
..###.....###'####...#....#


There were no monsters in sight!

Vanquished Creatures
  A gnoll (D:1)
  4 adders (D:2)
  An ooze (D:1)
  2 worms (D:2)
  A leopard gecko (D:1)
  A ball python (D:1)
  3 giant cockroaches
  6 goblins
  6 hobgoblins
  3 jackals (D:1)
  4 kobolds
  A quokka (D:2)
  A bat (D:1)
  5 frilled lizards
  3 rats
42 creatures vanquished.

Notes
Turn   | Place    | Note
-------+----------+-------------------------------------------
     0 | D:1      | junb69 the Demonspawn Wanderer began the quest for the Orb.
     0 | D:1      | junb69 set off with: a book of Minor Magic, a potion of curing, a scroll of teleportation, a +0 robe, a +0 club, a +0 dagger, a bread ration
     0 | D:1      | Reached XP level 1. HP: 13/13 MP: 3/3
     2 | D:1      | Learned a level 1 spell: Magic Dart
    97 | D:1      | Reached skill level 1 in Fighting
   453 | D:1      | Gained mutation: You are partially covered in large bone plates. (SH +4) [demonic ancestry]
   453 | D:1      | Reached XP level 2. HP: 9/22 MP: 0/5
   685 | D:1      | Reached skill level 2 in Fighting
   872 | D:1      | Gained mutation: You are mostly covered in large bone plates. (SH +6) [demonic ancestry]
   872 | D:1      | Reached XP level 3. HP: 17/28 MP: 1/6
  1279 | D:1      | Learned a level 3 spell: Mephitic Cloud
  2570 | D:2      | Reached skill level 3 in Fighting
  2700 | D:2      | Gained mutation: You sometimes gain a little power by taking damage. [demonic ancestry]
  2700 | D:2      | Reached XP level 4. HP: 20/35 MP: 1/7
  3114 | D:2      | Learned a level 3 spell: Conjure Flame
  3522 | D:2      | HP: 1/35 [poisoned by an adder]
  3525 | D:2      | Succumbed to an adder's poison

Vault maps used:
D:1:      lemuel_arrival_funnel
D:2:      minmay_item_behind_shaft
D:3:      marbit_many_paths

Skill      XL: |  1  2  3 |
---------------+----------+-----
Fighting       | 1 2 3 |  3.2
Conjurations   | 2 |  2.4
Stealth        | |  2.6
Unarmed Combat | |  1.0
Spellcasting   | |  2.2
Poison Magic   | |  2.0
Evocations     | |  1.0

Action                   |  1- 3 |  4- 6 || total
-------------------------+-------+-------++-------
Melee: Dagger            |   115 |    47 ||   162
       Club              |     8 |       ||     8
       Punch             |       |     1 ||     1
 Cast: Magic Dart        |    84 |    21 ||   105
  Use: Potion            |       |     3 ||     3
  Eat: Chunk             |     8 |     2 ||    10
Armor: Robe              |    20 |    16 ||    36
Dodge: Dodged            |    75 |    33 ||   108
Block: Other             |    25 |    22 ||    47
